 Dungeon Crawl Stone Soup version 0.31-a0-1570-g93c622d222 (webtiles) character file.

Game seed: 1648438466114062009

35 Flugslaktarn the Apothecary (level 3, -7/21 HPs)
             Began as an Octopode Alchemist on Jan 3, 2024.
             Mangled by a gnoll
             ... wielding a +0 halberd
              (17 damage)
             ... on level 2 of the Dungeon.
             The game lasted 00:00:51 (349 turns).

Flugslaktarn the Apothecary (Octopode Alchemist)     Turns: 349, Time: 00:00:51

Health: -7/21      AC:  1    Str:  7    XL:     3   Next: 33%
Magic:  3/6        EV: 13    Int: 19    God:
Gold:   45         SH:  0    Dex: 12    Spells: 6/7 levels left

rFire   . . .        d - +0 broad axe
rCold   . . .        (no shield)
rNeg    . . .        (helmet restricted)
rPois   .            g - amulet of regeneration
rElec   .            (no ring)
rCorr   .            (no ring)
SInv    .            (no ring)
Will    .....        (no ring)
Stlth   +++          (no ring)
HPRegen 1.03/turn    (no ring)
MPRegen 0.10/turn    (no ring)
                     (no ring)

%: no passive effects
@: no status effects
A: almost no armour, amphibious, 8 rings, camouflage 1, gelatinous body 1,
(nimble swimmer 1), tentacles
a: no special abilities


You were on level 2 of the Dungeon.
You visited 1 branch of the dungeon, and saw 2 of its levels.

You collected 45 gold pieces.

Inventory:

Hand Weapons
 d - a +0 broad axe (weapon)
   (You found it on level 1 of the Dungeon)
Jewellery
 g - an amulet of regeneration (around mantle)
   (You found it on level 2 of the Dungeon)
Scrolls
 b - a scroll of enchant armour {unknown}
 c - a scroll of blinking {unknown}
 i - a scroll of revelation {unknown}
Potions
 a - a potion of magic
 e - a potion of haste {unknown}
 f - a potion of curing {unknown}
 h - a potion of ambrosia {unknown}


   Skills:
 - Level 2.0 Dodging
 - Level 2.6 Stealth
 + Level 2.5 Spellcasting
 - Level 1.0 Conjurations
 * Level 4.3 Alchemy


You had 6 spell levels left.
You knew the following spells:

 Your Spells              Type           Power      Damage    Failure   Level
a - Sting                 Conj/Alch      48%        1d6       5%          1

Your spell library contained the following spells:

 Spells                   Type           Power      Damage    Failure   Level
 Mercury Vapours          Alch/Air       20%        N/A       10%         2
 Mephitic Cloud           Conj/Alch/Air  9%         N/A       24%         3
 Olgreb's Toxic Radiance  Alch           18%        N/A       26%         4
 Sticky Flame             Fire/Alch      10%        2d5       54%         4


Dungeon Overview and Level Annotations

Branches:
Dungeon (2/15)

Altars:


Innate Abilities, Weirdness & Mutations

You cannot wear most types of armour.
You are amphibious.
You can wear up to eight rings at the same time.
Your skin changes colour to match your surroundings (Stealth+).
Your rubbery body absorbs attacks. (AC +1, EV +1)
((You are camouflaged when in or above water. (Stealth+)))
You have tentacles for arms and can constrict up to eight enemies at once.


Message History

A hobgoblin comes into view.
Casting: Sting (safe; 5% risk of failure)
Confirm with . or Enter, or press ? or * to list all spells.
Aiming: Sting (safe; 5% risk of failure)
Press: ? - help, Shift-Dir - straight line, f - hobgoblin
Aim: a hobgoblin (asleep, 100% to hit)
The sting hits the hobgoblin.
The hobgoblin is poisoned.
The hobgoblin is almost dead.
The hobgoblin shouts!
Casting: Sting (safe; 5% risk of failure)
Confirm with . or Enter, or press ? or * to list all spells.
Aiming: Sting (safe; 5% risk of failure)
Press: ? - help, Shift-Dir - straight line, f/p - hobgoblin
Aim: a hobgoblin (almost dead, poisoned, 71% to hit)
The sting hits the hobgoblin.
The hobgoblin looks even sicker.
You kill the hobgoblin!
Found a stone staircase leading up.
There is a stone staircase leading up here.
A dart slug comes into view.
Unknown command.
The helpless dart slug fails to defend itself.
You slash the dart slug! You grab the dart slug.
The dart slug is almost dead.
You constrict the dart slug.
You kill the dart slug!
No target in view!
There is a stone staircase leading up here.
You climb upwards.
The hobgoblin shouts!
The hobgoblin barely misses you.
There is a stone staircase leading down here.
You slash the hobgoblin!
You kill the hobgoblin!
No target in view!
No target in view!
Found a ring mail.
There is a stone staircase leading down here.
You climb downwards.
There is a stone staircase leading up here.
A bat comes into view.
Found 8 gold pieces and a morningstar.
Casting: Sting (safe; 5% risk of failure)
Confirm with . or Enter, or press ? or * to list all spells.
Aiming: Sting (safe; 5% risk of failure)
Press: ? - help, Shift-Dir - straight line, f - bat
Aim: a bat (asleep, 100% to hit)
The sting hits the bat.
The bat is poisoned.
You kill the bat!
Casting: Sting (safe; 5% risk of failure)
Confirm with . or Enter, or press ? or * to list all spells.
You can't see any susceptible monsters within range! (Use Z to cast anyway.)
A rat comes into view.
Found 3 gold pieces.
You see here 8 gold pieces.
You now have 42 gold pieces (gained 8).
There are no items here.
You see here 3 gold pieces.
You now have 45 gold pieces (gained 3).
The rat squeaks loudly.
You hear a shout!
A gnoll comes into view. It is wielding a +0 halberd.
Casting: Sting (safe; 5% risk of failure)
Confirm with . or Enter, or press ? or * to list all spells.
Aiming: Sting (safe; 5% risk of failure)
Press: ? - help, Shift-Dir - straight line, f - rat
Aim: a rat (71% to hit)
The sting hits the rat.
The rat is poisoned.
The rat is heavily wounded.
The rat misses you.
You hit the rat.
You kill the rat!
The gnoll hits you with a +0 halberd!
Ouch! That really hurt!
* * * LOW HITPOINT WARNING * * *
Casting: Sting (safe; 5% risk of failure)
Confirm with . or Enter, or press ? or * to list all spells.
Aiming: Sting (safe; 5% risk of failure)
Press: ? - help, Shift-Dir - straight line, f - gnoll
Aim: a gnoll, wielding a +0 halberd (75% to hit)
The sting hits the gnoll.
The gnoll is poisoned.
The gnoll is moderately wounded.
A frilled lizard comes into view.
The gnoll closely misses you.
Casting: Sting (safe; 5% risk of failure)
Confirm with . or Enter, or press ? or * to list all spells.
Aiming: Sting (safe; 5% risk of failure)
Press: ? - help, Shift-Dir - straight line, f/p - gnoll
Aim: a gnoll, wielding a +0 halberd (heavily wounded, poisoned, 75% to hit)
The sting hits the gnoll.
The gnoll looks even sicker.
The gnoll is severely wounded.
The frilled lizard hisses angrily.
You hear a shout!
The gnoll completely misses you.
A gnoll comes into view. It is wielding a +0 spear.
You hear a shout!
The gnoll shouts!
You hit the gnoll. You grab the gnoll.
The gnoll is severely wounded.
You constrict the gnoll, but do no damage.
The gnoll hits you with a +0 halberd!
Ouch! That really hurt!
You die...

### ..# #.# g..
#.# #l# #.#
#.####.#######....
#....g@...........
#####.......#####.
## #.......# #.
#.).....# ..
#.......# #.
#.......#### ...
## ###...........
... ..
#.......###### #.#
# #.#####.# #.#


You could see 2 gnolls and a frilled lizard.

Vanquished Creatures
  An adder (D:2)
  A dart slug (D:2)
  3 bats
  3 endoplasms (D:2)
  A giant cockroach (D:2)
  3 hobgoblins
  2 jackals (D:1)
  4 kobolds
  A quokka (D:2)
  A ball python (D:2)
  3 rats (D:2)
23 creatures vanquished.

Notes
Turn   | Place    | Note
-------+----------+-------------------------------------------
     0 | D:1      | Flugslaktarn the Octopode Alchemist began the quest for the
                  | Orb.
     0 | D:1      | Reached XP level 1. HP: 11/11 MP: 3/3
    93 | D:2      | Reached XP level 2. HP: 16/17 MP: 1/5
   103 | D:2      | Reached skill level 4 in Alchemy
   222 | D:2      | Reached XP level 3. HP: 21/21 MP: 3/6
   349 | D:2      | Mangled by a gnoll

Illustrated notes

Levels and vault maps discovered:
D:1:      dpeg_arrival_solitude, layout_rooms, kennysheep_doodads
D:2:      layout_loops_cross

Skill      XL: |  1  2 |
---------------+-------+-----
Alchemy        | 4 |  4.3
Dodging        | |  2.0
Stealth        | |  2.6
Spellcasting   | |  2.5
Conjurations   | |  1.0

Action                     || total
---------------------------++-------
  Melee: Unarmed           ||     3
         Broad axe         ||    27
         Constrict         ||     8
         Tentacles         ||     5
         Punch             ||     1
   Cast: Sting             ||    24
   Stab: Sleeping          ||     1
 Armour: Skin              ||    22
  Dodge: Dodged            ||    32

Table legend: (Time is in decaauts)
 A = Elapsed time spent in this place.
 B = Non-inter-level travel time spent in this place.
 C = Inter-level travel time spent in this place.
 D = Time resting spent in this place.
 E = Time spent auto-exploring this place.
 F = Levels seen in this place.
 G = Mean time per level.
                   A        B        C        D        E       F      G
               +--------+--------+--------+--------+--------+-----+--------+
         Total |    364 |    359 |      5 |      0 |    131 |   2 |  182.0 |
       Dungeon |    364 |    359 |      5 |      0 |    131 |   2 |  182.0 |
               +--------+--------+--------+--------+--------+-----+--------+

Top non-repeatable levels by time:
     D:2: 269 daAuts
     D:1: 94 daAuts
